 Dungeon Crawl Stone Soup version 0.14.1-24-gbdbe590 (webtiles) character file.

155 Kenran the Slasher (level 4, -2/39 HPs)
             Began as a Minotaur Fighter on June 19, 2014.
             Slain by an orc
             ... wielding a +0,+0 flail
              (6 damage)
             ... on Level 2 of the Dungeon.
             The game lasted 00:03:23 (1261 turns).

Kenran the Slasher (Minotaur Fighter)               Turns: 1261, Time: 00:03:23

HP  -2/39        AC  6     Str 21      XL: 4   Next: 52%
MP   2/2         EV  6     Int  5      God:
Gold 51          SH 19     Dex 10      Spells:  0 memorised,  3 levels left

rFire  . . .     SeeInvis .     a - +0,+1 long sword
rCold  . . .     Clarity  .     b - +0 scale mail
rNeg   . . .     Conserve .     c - +0 shield
rPois  .         rCorr    .     (helmet restricted)
rElec  .         rRot     .     (no cloak)
SustAb . .       Spirit   .     (no gloves)
rMut   .         Warding  .     (no boots)
Saprov . . .     Stasis   .     (no amulet)
MR     .....                    (no ring)
                                (no ring)

@: slowed, very slow, not resistant to hostile enchantments, extremely
unstealthy
A: retaliatory headbutt, horns 2
a: no special abilities


You were on level 2 of the Dungeon.
You were not hungry.

You visited 1 branch of the dungeon, and saw 3 of its levels.

You collected 51 gold pieces.

Inventory:

Hand weapons
 a - a +0,+1 long sword (weapon)
Armour
 b - a +0 scale mail (worn)
 c - a +0 shield (worn)
Comestibles
 d - a bread ration
 g - an apple
Scrolls
 l - a scroll of enchant armour {unknown}
 m - a scroll of teleportation {unknown}
 n - a scroll of enchant weapon I {unknown}
 o - a scroll of enchant weapon II
Jewellery
 k - a cursed ring of wizardry {unknown}
Potions
 e - a potion of might
 f - a potion of curing
 i - a potion of brilliance {unknown}
 j - a potion of restore abilities {unknown}
 p - 3 potions of heal wounds {unknown}


   Skills:
 - Level 3.6 Fighting
 + Level 5.8 Long Blades
 - Level 3.6 Armour
 - Level 3.6 Shields


You had 3 spell levels left.
You didn't know any spells.

Dungeon Overview and Level Annotations

Branches:
Dungeon (3/15)

Altars:
Cheibriados

Annotations:
D:3 Kenran's ghost, average GrMo


Innate Abilities, Weirdness & Mutations

You reflexively headbutt those who attack you in melee.
You have a pair of horns on your head.


Message History

You kill the orc wizard!
The orc hits you with a mace.
You slash the orc!
You kill the orc!
You block the bat's attack.
You closely miss the orc. The orc hits you with a flail.
* * * LOW HITPOINT WARNING * * *
You hit the orc.
The orc is heavily wounded.
The orc hits you with a flail.
* * * LOW HITPOINT WARNING * * *
The orc barely misses you.
Your shield and scale mail prevent you from hitting the orc.
The orc is moderately wounded.
The orc hits you with a flail!
* * * LOW HITPOINT WARNING * * *
You hit the orc.
The orc is heavily wounded.
You block the orc's attack. The orc hits you with a flail.
You die...

#.#### #.....############ #.###
###.....##.......... #(..#
#......###.#....#### #...#
#......# #.#.(..# #...# #...####
#.#....# #
#######.########.######.#...#####
................b%...............
.######.##...###o######>#...##...
.###..(.##...# #@# #.##.%.#...
..#.....###### #)# #.##...####
........# #.######.##...#
..#...##########.##..<#.#...#####
.................................
.................................
...#####.....#.#.######.##...####
...# ###>....#.#.# #.##...#...
.### #..)#####...######..........


You could see an orc and a bat.

Vanquished Creatures
  An orc wizard (D:2)
  4 gnolls
  An adder (D:2)
  A giant gecko (D:2)
  An ooze (D:1)
  An orc (D:2)
  4 giant cockroaches
  3 goblins
  4 hobgoblins
  A ball python (D:1)
  2 bats (D:1)
  A giant newt (D:1)
  5 kobolds
  A rat (D:1)
30 creatures vanquished.

Notes
Turn   | Place    | Note
--------------------------------------------------------------
     0 | D:1      | Kenran, the Minotaur Fighter, began the quest for the Orb.
     0 | D:1      | Reached XP level 1. HP: 19/19 MP: 1/1
   271 | D:1      | Reached XP level 2. HP: 21/26 MP: 1/1
   539 | D:2      | Reached skill level 4 in Long Blades
   700 | D:3      | Reached XP level 3. HP: 22/31 MP: 2/2
   802 | D:3      | Reached skill level 5 in Long Blades
   807 | D:3      | Reached XP level 4. HP: 12/39 MP: 2/2
   880 | D:3      | Noticed Kenran's ghost (average GrMo)
  1186 | D:2      | Found a snail-covered altar of Cheibriados.
  1261 | D:2      | Slain by an orc

Action                   |  1- 3 |  4- 6 || total
-------------------------+-------+-------++-------
Melee: Long sword        |    55 |    24 ||    79
  Use: Scroll            |     4 |       ||     4
       Potion            |     1 |       ||     1
